 Dungeon Crawl Stone Soup version 0.30-a0-364-gf6b3ef1049 (webtiles) character file.

Game seed: 9850114826487371320

100 tilp the Grave Robber (level 4, -2/33 HPs)
             Began as a Mummy Necromancer on Nov 15, 2022.
             Constricted to death by Ijyb (6 damage)
             ... on level 2 of the Dungeon.
             The game lasted 00:04:35 (1784 turns).

tilp the Grave Robber (Mummy Necromancer)           Turns: 1784, Time: 00:04:36

Health: -2/33      AC:  3    Str: 11    XL:     4   Next: 46%
Magic:  0/8        EV:  8    Int: 16    God:
Gold:   80         SH:  3    Dex: 12    Spells: 5/9 levels left

rFire   x . .      SeeInvis .    b - +0 war axe
rCold   + . .      Faith    +    n - +0 buckler
rNeg    + + +      Spirit   .    d - +0 robe
rPois   ∞          Reflect  .    (no helmet)
rElec   .          Harm     .    (no cloak)
rCorr   .          Rampage  .    l - +0 pair of gloves
Will    .....                    (no boots)
Stlth   ++........               (no amulet)
HPRegen 0.25/turn                (no ring)
MPRegen 0.11/turn                (no ring)

@: grasped by roots, constricted
A: cold resistance 1, negative energy resistance 3, torment resistance 2, heat
vulnerability 1, in touch with death 1, no potions, faith
a: no special abilities


You were on level 2 of the Dungeon.
You visited 1 branch of the dungeon, and saw 2 of its levels.

You collected 80 gold pieces.

Inventory:

Hand Weapons
 a - a +0 dagger of venom
 b - a +0 war axe (weapon)
 c - a +0 dagger
Missiles
 e - 19 stones (quivered)
 m - 5 boomerangs
Armour
 d - a +0 robe (worn)
 l - a +0 pair of gloves (worn)
 n - a +0 buckler (worn)
Magical Staves
 k - a staff of conjuration
Scrolls
 f - a scroll of immolation
 g - a scroll of teleportation {unknown}
 h - a scroll of magic mapping {unknown}
 i - a scroll of summoning {unknown}
 j - a scroll of enchant armour {unknown}
 o - 2 scrolls of identify


   Skills:
 * Level 2.0 Fighting
 - Level 2.0 Dodging
 + Level 2.2 Stealth
 + Level 0.5 Shields
 + Level 3.2 Spellcasting
 * Level 4.5 Necromancy


You had 5 spell levels left.
You knew the following spells:

 Your Spells              Type           Power      Damage    Failure   Level
a - Necrotise             Necr           100%       1d9       3%          1
b - Vampiric Draining     Necr           25%        2d7       12%         3

Your spell library contained the following spells:

 Spells                   Type           Power      Damage    Failure   Level
 Foxfire                  Conj/Fire      8%         2x1d4     26%         1
 Shock                    Conj/Air       8%         1d3       26%         1
 Animate Dead             Necr           25%        N/A       36%         4
 Call Canine Familiar     Summ           2%         N/A       58%         3
 Portal Projectile        Hex/Tloc       4%         N/A       58%         3
 Swiftness                Air            2%         N/A       58%         3
 Agony                    Necr           25%        N/A       71%         5
 Airstrike                Air            1%         2d(1-17)  94%         4
 Leda's Liquefaction      Hex/Erth       1%         N/A       94%         4
 Fireball                 Conj/Fire      1%         3d3       100%        5
 Starburst                Conj/Fire      1%         6d3       100%        6


Dungeon Overview and Level Annotations

Branches:
Dungeon (2/15)

Altars:

Annotations:
D:2 Ijyb


Innate Abilities, Weirdness & Mutations

You are immune to poison.
Your flesh is cold resistant. (rC+)
You are immune to negative energy. (rN+++)
You are immune to unholy pain and torment.
You are vulnerable to heat. (rF-)
You are in touch with the powers of death.
You do not drink.
You have a special connection with the divine. (Faith)


Message History

You feel a surge of power!
You draw life force from Ijyb.
You feel life coursing into your body.
Your goblin skeleton barely misses the goblin.
The goblin hits you but does no damage. Ijyb hits you but does no damage.
The grasping roots constrict you.
* * * LOW HITPOINT WARNING * * *
Unknown command.
Unknown command.
Unknown command.
Unknown command.
You hit Ijyb but do no damage.
Ijyb is moderately wounded.
You hit the goblin.
You kill the goblin!
Ijyb hits you with a +0 club.
* * * LOW HITPOINT WARNING * * *
The grasping roots constrict you.
* * * LOW HITPOINT WARNING * * *
The grasping roots release their grip on you.
Unknown command.
Casting: Vampiric Draining (quite dangerous; 12% risk of failure)
Confirm with . or Enter, or press ? or * to list all spells.
Aiming: Necrotise (safe; 3% risk of failure)
Press: ? - help, Shift-Dir - straight line, f/p - Ijyb
Aim: Ijyb, wielding a +0 club, wearing a +0 leather armour and carrying a wand of roots (7) (moderately wounded, ally target, chance to affect: 88%)
You feel a surge of power!
Ijyb writhes in agony!
You block Ijyb's attack.
Your goblin skeleton hits Ijyb but does no damage.
Unknown command.
Unknown command.
Unknown command.
Unknown command.
You miss Ijyb.
Ijyb is severely wounded.
Ijyb zaps a wand.
The roots erupt in riotous growth!
The grasping roots grab you!
Ijyb is unaffected.
Roots grab your goblin skeleton.
The grasping roots constrict your goblin skeleton.
The grasping roots constrict you.
You die...

## # .. .###.> #.# .....
# # #######..###
..####.# #[ #....#.....#
.......###.##....#.....#
.......................#
#...............g......#
....#..#8...?.8#gZ.....#
......##.......#@).....#
.......#8..g..8#.......#
.......#...g.g.#.......#
.......#8.gg..8#.#..[..#
......##.......#...#####
......##8.....8#...#
.......#..[.$..#...##
.....###########...!#
....###.............#


You could see Ijyb (ally target), a goblin and a friendly goblin skeleton
(rooted).

Vanquished Creatures
  3 gnolls (D:2)
  An adder (D:2)
  A worm (D:2)
  2 dart slugs
  3 ball pythons
  2 bats (D:2)
  4 endoplasms
  A giant cockroach (D:2)
  9 goblins
  2 hobgoblins (D:2)
  3 jackals (D:2)
  3 kobolds
  A quokka (D:1)
  2 frilled lizards
  A rat (D:2)
38 creatures vanquished.

Vanquished Creatures (collateral kills)
  A gnoll (D:2)
  An endoplasm (D:1)
  A goblin (D:2)
3 creatures vanquished.

Grand Total: 41 creatures vanquished

Notes
Turn   | Place    | Note
-------+----------+-------------------------------------------
     0 | D:1      | tilp the Mummy Necromancer began the quest for the Orb.
     0 | D:1      | Reached XP level 1. HP: 13/13 MP: 4/4
   436 | D:1      | Found a faded altar of an unknown god.
   451 | D:1      | Reached XP level 2. HP: 16/20 MP: 5/5
   833 | D:1      | Reached skill level 1 in Fighting
  1317 | D:2      | Identified the +4 giant club of Bukuex {speed, Drain Will+
                  | Int+3}
  1342 | D:2      | Gained mutation: You are in touch with the powers of death.
                  | [Mummy growth]
  1342 | D:2      | Reached XP level 3. HP: 26/26 MP: 7/7
  1346 | D:2      | Learned a level 3 spell: Vampiric Draining
  1499 | D:2      | Reached XP level 4. HP: 25/33 MP: 2/8
  1763 | D:2      | Noticed Ijyb
  1784 | D:2      | Constricted to death by Ijyb

Illustrated notes

Levels and vault maps discovered:
D:1:      wander_arrival_abandoned_jail, layout_loops_corners,
          hellmonk_ecumenical_altar_crossroads
D:2:      kennysheep_the_goblin_king, layout_rooms, uniq_crazy_yiuf_cottage

Skill      XL: |  1  2  3  4 |
---------------+-------------+-----
Fighting       | 1 2 |  2.0
Spellcasting   | 3 |  3.2
Stealth        | 2 |  2.2
Dodging        | 2 |  2.0
Shields        | |  0.5
Necromancy     | |  4.5

Action                   |  1- 3 |  4- 6 || total
-------------------------+-------+-------++-------
Melee: Unarmed           |    29 |       ||    29
       War axe           |    36 |    16 ||    52
 Cast: Necrotise         |    27 |     9 ||    36
       Vampiric Draining |     1 |     1 ||     2
  Use: Scroll            |     1 |       ||     1
 Stab: Sleeping          |     3 |       ||     3
Armor: Robe              |    14 |     9 ||    23
Dodge: Dodged            |    51 |    10 ||    61
Block: Buckler           |       |     7 ||     7

Table legend: (Time is in decaauts)
 A = Elapsed time spent in this place.
 B = Non-inter-level travel time spent in this place.
 C = Inter-level travel time spent in this place.
 D = Time resting spent in this place.
 E = Time spent auto-exploring this place.
 F = Levels seen in this place.
 G = Mean time per level.
                   A        B        C        D        E       F      G
               +--------+--------+--------+--------+--------+-----+--------+
         Total |   1808 |   1770 |     38 |    164 |   1219 |   2 |  904.0 |
       Dungeon |   1808 |   1770 |     38 |    164 |   1219 |   2 |  904.0 |
               +--------+--------+--------+--------+--------+-----+--------+

Top non-repeatable levels by time:
     D:1: 1053 daAuts
     D:2: 755 daAuts
